 Dungeon Crawl Stone Soup version 0.28.0-1-gb440e238dd (webtiles) character file.

Game seed: 3363682902305456225

5803 jjjjhere the Severer (level 10, 0/83 HPs)
             Began as a Hill Orc Cinder Acolyte on Feb 26, 2022.
             Was a Priest of Ignis.
             Succumbed to a kobold brigand's curare-tipped dart
             ... on level 7 of the Dungeon.
             The game lasted 00:14:28 (12973 turns).

jjjjhere the Severer (Hill Orc Cinder Acolyte)     Turns: 12973, Time: 00:14:29

Health: 0/83       AC: 13    Str: 20    XL:     10   Next: 79%
Magic:  4/11       EV: 10    Int: 14    God:    Ignis [***...]
Gold:   520        SH:  0    Dex: 12    Spells: 11/11 levels left

rFire   + + .      SeeInvis +   a - +5 battleaxe (venom)
rCold   . . .      Faith    .   (shield currently unavailable)
rNeg    . . .      Spirit   +   t - +2 ring mail {rF+}
rPois   .          Reflect  .   o - +0 helmet of the Vestibule of Hell {Dex+4}
rElec   .          Harm     .   (no cloak)
rCorr   .          Rampage  .   y - +1 pair of gloves
Will    +....                   h - +0 pair of boots
Stlth   +.........              E - amulet of guardian spirit
HPRegen 0.23/turn               j - ring of see invisible
MPRegen 0.12/turn               g - ring of willpower

@: lethally poisoned (0 -> -4), slowed, very slow
A: no striking features
a: Renounce Religion, Fiery Armour, Foxfire Swarm, Rising Flame


You were on level 7 of the Dungeon.
You worshipped Ignis.
Ignis was most pleased with you.
You visited 1 branch of the dungeon, and saw 8 of its levels.

You collected 559 gold pieces.
You spent 39 gold pieces at shops.

Inventory:

Hand Weapons
 a - a +5 battleaxe of venom (weapon)
 b - a +0 hunting sling of freezing
 F - a -1 hand axe of flaming
Missiles
 k - 47 poisoned darts
 v - 33 sling bullets
 w - 150 stones
 x - 2 javelins (quivered)
 D - 5 boomerangs
Armour
 h - a +0 pair of boots (worn)
 o - the +0 helmet of the Vestibule of Hell (worn) {Dex+4}
   (You found it on level 2 of the Dungeon)

   Dex:       It affects your dexterity (+4).
 r - a +0 buckler
 t - a +2 ring mail of fire resistance (worn)
 y - a +1 pair of gloves (worn)
Jewellery
 g - a ring of willpower (right hand)
 j - a ring of see invisible (left hand)
 A - a ring of fire
 B - a +6 ring of intelligence
 E - an amulet of guardian spirit (around neck)
Wands
 n - a wand of digging (5)
 p - a wand of polymorph (30)
Scrolls
 c - 5 scrolls of blinking
 d - 6 scrolls of teleportation
 i - a scroll of brand weapon
 q - 2 scrolls of enchant armour {unknown}
 u - a scroll of torment {unknown}
 z - a scroll of vulnerability {unknown}
 C - 2 scrolls of enchant weapon {unknown}
Potions
 e - a potion of haste {unknown}
 f - 3 potions of curing
 l - a potion of ambrosia {unknown}
 m - a potion of attraction
 s - a potion of invisibility {unknown}
 G - a potion of might
 H - 2 potions of lignification


   Skills:
 + Level 6.2 Fighting
 * Level 16.8 Axes
 - Level 6.0 Armour
 - Level 6.1 Shields
 - Level 1.0 Spellcasting
 - Level 3.2 Fire Magic


You had 11 spell levels left.
You didn't know any spells.
Your spell library contained the following spells:

 Spells                   Type           Power      Damage    Failure   Level
 Scorch                   Fire           18%        2d6       16%         2
 Animate Skeleton         Necr           0%         N/A       38%         1
 Shock                    Conj/Air       0%         1d3       38%         1
 Sublimation of Blood     Necr           0%         N/A       52%         2
 Portal Projectile        Hex/Tloc       0%         N/A       77%         3
 Swiftness                Air            0%         N/A       77%         3
 Airstrike                Air            0%         N/A       99%         4
 Petrify                  Tmut/Erth      0%         N/A       99%         4
 Blade Hands              Tmut           0%         N/A       100%        5
 Excruciating Wounds      Necr           0%         N/A       100%        5
 Irradiate                Conj/Tmut      0%         3d13      100%        5


Dungeon Overview and Level Annotations

Branches:
Dungeon (8/15)             Temple (0/1) D:7
   Lair: D:8-11

Altars:
Kikubaaqudgha
Okawaru
Ru
Sif Muna
Vehumet
The Shining One
Beogh

Shops:
D:1 [   D:3 *   D:4 *   D:5 (   D:6 ?

Annotations:
D:3 2 runed translucent doors, mortz's ghost, amateur DrCj
D:4 3 runed translucent doors, shaggyschweig's ghost, amateur GrVM
D:5 2 transporters, 1 runed translucent door, Crazy Yiuf; GnomeSayin's ghost, amateur OgWz


Message History

The water moccasin bites you but does no damage.
You slice the water moccasin!!
The water moccasin is poisoned.
The water moccasin is severely wounded.
The orc warrior hits you from afar with a +0 trident.
The water moccasin bites you.
You are poisoned.
The water moccasin poisons you!
You barely miss the water moccasin.
The water moccasin is almost dead.
You feel sick.
The orc warrior hits you from afar with a +0 trident!
* * * LOW HITPOINT WARNING * * *
The water moccasin bites you.
* * * LOW HITPOINT WARNING * * *
You feel sick.
You feel a bit more experienced.
There is an open door here.
You feel sick.
You close the door.
You feel sick.
A wight opens the door.
You feel sick.
You feel sick.
There is an open door, spattered with blood here.
You feel sick.
Things that are here:
a +0 giant club; a +0 giant spiked club; a two-headed ogre corpse You feel sick.
You feel sick.
You are no longer poisoned.
The kobold brigand throws a curare-tipped dart.
The curare-tipped dart hits you.
You are poisoned.
You have difficulty breathing.
* * * LOW HITPOINT WARNING * * *
You feel yourself slow down.
* * * LOW HITPOINT WARNING * * *
You feel very sick.
There is a stone staircase leading up here.
* * * LOW HITPOINT WARNING * * *
You feel sick. The wight hits you but does no damage.
You climb upwards.
You die...

..#.#.##.##.##########..#
###......##.# #..#
###......##.###### #..#
.................# #..#
###......#######.# #..#
###......#######.# #..#
...)...........#.# #..#
#.......######.#.# #..#
.[......### #.#@# #..#
#.........####.#.#####..#
#.......#...............#
#.......#####...........#
#...<...###.............#
####.#...........#####.##
#.#......#.#### #..#
#.#..###.#.# #.## ##.#..#
#.#.# #.#


There were no monsters in sight!

Vanquished Creatures
  A two-headed ogre (D:8)
  Pikel (D:3)
  Prince Ribbit (D:6)
  5 yaks (D:8)
  An acid dragon (D:8)
  2 water moccasins
  An ice beast (D:4)
  2 black bears
  2 orc warriors (D:8)
  2 necrophages
  3 ogres
  2 centaurs (D:8)
  A phantom (D:3)
  3 lemures
  6 kobold brigands
  Blork the orc (D:6)
  3 bullfrogs (D:8)
  5 scorpions
  9 killer bees
  A howler monkey (D:8)
  5 wights (D:8)
  3 bullfrog zombies
  A centaur zombie (D:7)
  4 hounds
  3 jellies
  2 gnoll shamans
  3 iguanas
  2 orc wizards
  A howler monkey zombie (D:7)
  8 gnolls
  5 adders
  2 howler monkey skeletons
  A shadow imp (D:7)
  2 white imps (D:6)
  An ufetubus (D:6)
  An adder skeleton (D:4)
  A worm (D:2)
  3 dart slugs
  13 orcs
  7 endoplasms
  3 giant cockroaches
  13 goblins
  6 hobgoblins
  2 jackals (D:3)
  29 kobolds
  5 quokkas
  3 ball pythons
  3 bats
  4 frilled lizards
  6 rats
  A toadstool (D:6)
195 creatures vanquished.

Vanquished Creatures (others)
  41 foxfires
  A fungus (D:6)
  3 toadstools (D:6)
45 creatures vanquished.

Grand Total: 240 creatures vanquished

Notes
Turn   | Place    | Note
-------+----------+-------------------------------------------
     0 | D:1      | jjjjhere the Hill Orc Cinder Acolyte began the quest for
                  | the Orb.
     0 | D:1      | Reached XP level 1. HP: 19/19 MP: 2/2
   121 | D:1      | Found Buppouh's Armour Shoppe.
   127 | D:1      | Found a faded altar of an unknown god.
   162 | D:1      | Reached XP level 2. HP: 15/27 MP: 3/3
   626 | D:1      | Reached skill level 5 in Axes
   643 | D:1      | Reached XP level 3. HP: 32/33 MP: 4/4
  1542 | D:2      | HP: 10/33 [worm (5)]
  2581 | D:2      | Identified the +0 helmet of the Vestibule of Hell {Dex+4}
  2874 | D:3      | Found Guuv's Assorted Antiques.
  2876 | D:3      | Reached XP level 4. HP: 41/41 MP: 5/5
  3053 | D:3      | Reached skill level 6 in Axes
  3056 | D:3      | Found a runed translucent door.
  3061 | D:3      | Reached skill level 1 in Shields
  3215 | D:3      | Noticed mortz's ghost (amateur DrCj)
  3215 | D:3      | Noticed a bullfrog
  3243 | D:3      | Found a runed translucent door.
  3498 | D:3      | Reached XP level 5. HP: 38/47 MP: 6/6
  4217 | D:4      | Noticed a necrophage
  4255 | D:4      | Killed a necrophage
  4256 | D:4      | Reached skill level 7 in Axes
  4256 | D:4      | Reached XP level 6. HP: 49/53 MP: 7/7
  4709 | D:4      | Found a runed translucent gate.
  4709 | D:4      | Found a runed translucent gate.
  4709 | D:4      | Found a runed translucent gate.
  4711 | D:4      | Noticed Pikel
  4719 | D:4      | Identified the +2 mace of Joiqeuj {pain, rPois rF+++ Will-
                  | Int-2}
  4719 | D:4      | Identified the +2 scale mail of Leapfrog {rC- rN++ Str+8
                  | Slay-4}
  4720 | D:4      | Noticed shaggyschweig's ghost (amateur GrVM)
  4780 | D:4      | HP: 11/53 [Pikel (9)]
  4801 | D:4      | HP: 9/53 [Pikel (4)]
  5235 | D:4      | HP: 14/53 [phantom (4)]
  5263 | D:3      | HP: 14/53 [phantom (5)]
  5265 | D:3      | Reached skill level 8 in Axes
  5694 | D:4      | Reached XP level 7. HP: 55/60 MP: 8/8
  5838 | D:4      | Found a roughly hewn altar of Beogh.
  6010 | D:3      | Killed Pikel
  6011 | D:3      | Reached skill level 10 in Axes
  6011 | D:3      | Reached XP level 8. HP: 41/67 MP: 9/9
  6624 | D:5      | Entered Level 5 of the Dungeon
  6642 | D:5      | Reached skill level 5 in Shields
  7005 | D:4      | HP: 17/67 [ice beast (9)]
  7054 | D:4      | Reached skill level 11 in Axes
  7568 | D:5      | Found a glowing golden altar of the Shining One.
  7801 | D:5      | Found Coul's Antique Weapon Emporium.
  7936 | D:5      | Reached skill level 12 in Axes
  8112 | D:5      | Noticed GnomeSayin's ghost (amateur OgWz)
  8118 | D:5      | Found a transporter.
  8143 | D:5      | Found a runed translucent door.
  8144 | D:5      | Noticed Crazy Yiuf
  8498 | D:5      | Found a transporter.
  8778 | D:6      | Reached skill level 1 in Armour
  8806 | D:6      | Noticed Blork the orc
  8820 | D:6      | Killed Blork the orc
  8821 | D:6      | Reached XP level 9. HP: 58/72 MP: 8/10
  8944 | D:6      | Noticed Prince Ribbit
  8953 | D:6      | Killed Prince Ribbit
  9146 | D:6      | Reached skill level 13 in Axes
  9440 | D:5      | Noticed a rust devil
  9440 | D:5      | Noticed a rust devil
  9598 | D:6      | HP: 23/72 [ogre (19)]
  9963 | D:6      | Found a sacrificial altar of Ru.
 10139 | D:6      | Found Agunk's Magic Scroll Shop.
 10145 | D:6      | Bought a scroll of teleportation for 39 gold pieces
 10219 | D:7      | Found a shimmering blue altar of Sif Muna.
 10220 | D:7      | Found an ancient bone altar of Kikubaaqudgha.
 10220 | D:7      | Found a radiant altar of Vehumet.
 10223 | D:7      | Got Kikubaaqudgha's Grimoire of Darkness
 10279 | D:7      | Reached skill level 14 in Axes
 10753 | D:7      | Found a staircase to the Ecumenical Temple.
 10905 | D:7      | Found an iron altar of Okawaru.
 10917 | D:7      | Reached skill level 5 in Armour
 11331 | D:8      | Reached XP level 10. HP: 69/80 MP: 9/11
 11356 | D:8      | Reached skill level 15 in Axes
 11986 | D:8      | HP: 24/80 [acid dragon/splash of acid (22)]
 12294 | D:8      | Reached skill level 5 in Fighting
 12297 | D:8      | Reached skill level 16 in Axes
 12770 | D:8      | Noticed a two-headed ogre
 12781 | D:8      | Killed a two-headed ogre
 12943 | D:8      | HP: 20/83 [orc warrior (12)]
 12948 | D:8      | HP: 13/83 [poisoned by a water moccasin]
 12970 | D:8      | HP: 7/83 [asphyx]
 12971 | D:8      | HP: 3/83 [poisoned by a kobold brigand (curare-tipped
                  | dart)]
 12972 | D:8      | HP: 1/83 [poisoned by a kobold brigand (curare-tipped
                  | dart)]
 12973 | D:7      | Succumbed to a kobold brigand's curare-tipped dart

Illustrated notes

Levels and vault maps discovered:
D:1:      lemuel_arrival_behind_the_door_large, layout_basic,
          ebering_ecumenical_altar_mist, serial_shops, shop
D:2:      layout_basic, serial_corexii_hall, chequers_hall_statues_corner_a,
          corexii_hall_statues_x
D:3:      layout_rooms, serial_shops, shop, ebering_ghost_sewer_f
D:4:      minmay_clustersquares, layout_loops_ring, biasface_ghost_orc_armoury,
          minmay_misc_feat_room, uniq_pikel
D:5:      cheibrodos_iron_armory, layout_loops_ring,
          mainiacjoe_overflow_small_starburst, gammafunk_ghost_arena,
          serial_shops, nicolae_diamond_shop, kennysheep_crisscross,
          uniq_crazy_yiuf_cottage
D:6:      layout_gridville, nicolae_ru_the_path_less_chosen, serial_shops,
          nicolae_shop_stone, minmay_gold_behind_fungi, uniq_blork_the_orc,
          uniq_prince_ribbit1
D:7:      layout_loops_ring, grunt_temple_overflow_magic_moments,
          okawaru_gym_becter, temple_statues
D:8:      layout_basic, beargit_hepliaklqana_dungeon_heroes,
          minmay_joined_circles

Skill      XL: |  1  2  3  4  5  6  7  8  9 10 |
---------------+-------------------------------+-----
Fighting       | 4 6 |  6.2
Axes           | 5 6 7 8 10 12 14 16 | 16.8
Shields        | 1 2 3 4 6 |  6.1
Armour         | 1 5 6 |  6.0
Spellcasting   | |  1.0
Fire Magic     | |  3.2

Action                   |  1- 3 |  4- 6 |  7- 9 | 10-12 || total
-------------------------+-------+-------+-------+-------++-------
Melee: Hand axe          |   117 |   210 |   145 |       ||   472
       Battleaxe         |       |       |    97 |   117 ||   214
 Fire: Hunting sling     |       |       |    34 |       ||    34
Throw: Javelin           |       |     4 |     2 |       ||     6
Invok: Foxfire Swarm     |     1 |     1 |     1 |       ||     3
       Fiery Armour      |       |       |     1 |       ||     1
  Use: Scroll            |       |       |    10 |       ||    10
       Potion            |       |       |       |     2 ||     2
Armor: Robe              |    10 |       |       |       ||    10
       Ring mail         |     6 |    69 |   105 |    53 ||   233
Dodge: Dodged            |    55 |    77 |    98 |    62 ||   292
Block: Buckler           |       |    52 |    31 |       ||    83
